 Dungeon Crawl Stone Soup version 0.23.2-1-ga50397a (webtiles) character file.

Game seed: 5752686576053959090

65 MalarOregon the Ruffian (level 4, 0/37 HPs)
             Began as a Ghoul Gladiator on June 2, 2019.
             Slain by a gnoll
             ... wielding a +0 spear
              (5 damage)
             ... on level 2 of the Dungeon.
             The game lasted 00:01:50 (1242 turns).

MalarOregon the Ruffian (Ghoul Gladiator)           Turns: 1242, Time: 00:01:51

Health: 0/37       AC:  5    Str: 17    XL:     4   Next: 13%
Magic:  3/3        EV: 12    Int:  4    God:
Gold:   67         SH:  0    Dex: 10    Spells: 3/3 levels left

rFire    . . .     SeeInvis .     - Unarmed
rCold    + . .     Gourm    .   (no shield)
rNeg     + + +     Faith    .   a - +0 leather armour
rPois    ∞         Spirit   .   b - +0 helmet
rElec    .         Reflect  .   (no cloak)
rCorr    +         Harm     .   p - +0 pair of gloves
MR       .....                  (no boots)
Stlth    +.........             (no amulet)
HPRegen  0.00/turn              d - ring of resist corrosion
MPRegen  0.08/turn              (no ring)

@: rotting, hasted, very quick
A: rotting body, claws 1, carnivore, cold resistance 1, negative energy
resistance 3, inhibited regeneration, torment resistance, unbreathing
a: no special abilities


You were on level 2 of the Dungeon.
You were not hungry.

You visited 1 branch of the dungeon, and saw 2 of its levels.

You collected 67 gold pieces.

Inventory:

Missiles
 c - 3 throwing nets (quivered) {!f}
Armour
 a - a +0 leather armour (worn)
 b - a +0 helmet (worn)
 p - a +0 pair of gloves (worn)
   (You found it on level 2 of the Dungeon)
Jewellery
 d - a ring of resist corrosion (left hand)
   (You found it on level 1 of the Dungeon)
Scrolls
 g - 3 scrolls of remove curse {unknown}
 i - a scroll of teleportation {unknown}
 k - a scroll of identify {unknown}
 l - a scroll of enchant weapon {unknown}
 m - a scroll of fog {unknown}
Potions
 h - a potion of haste {@q3}
 j - a potion of mutation {unknown}
 n - a potion of flight {unknown}
 o - a potion of curing {unknown}
Comestibles
 e - 3 rations {!d}


   Skills:
 + Level 2.9 Fighting
 - Level 2.0 Throwing
 - Level 3.0 Dodging
 + Level 1.6 Stealth
 * Level 4.2 Unarmed Combat


You had 3 spell levels left.
You didn't know any spells.
Your spell library was empty.

Dungeon Overview and Level Annotations

Branches:
Dungeon (2/15)

Altars:

Annotations:
D:2 Natasha


Innate Abilities, Weirdness & Mutations

Your body is rotting away.
You thrive on raw meat.
You are immune to poison.
You have sharp fingernails.
You are carnivorous and can eat meat at any time.
Your flesh is cold resistant. (rC+)
You are immune to negative energy. (rN+++)
You do not regenerate when monsters are visible.
You are immune to unholy pain and torment.
You can survive without breathing.


Message History

Your Unarmed Combat skill increases to level 4!
The gnoll hits you from afar with a +0 spear!
The gnoll hits you but does no damage.
You see here a cursed -1 halberd.
You punch the gnoll! The gnoll closely misses you.
You hit the gnoll. The gnoll hits you but does no damage.
You closely miss the gnoll. The gnoll hits you with a +0 spear.
* * * LOW HITPOINT WARNING * * *
Eat a chunk of flesh? (ye/n/q)
You eat the chunk of flesh.
This raw flesh tastes great!
The gnoll barely misses you.
You hit the gnoll.
You kill the gnoll!
You hit the gnoll.
A gnoll comes into view. It is wielding a +0 whip.
The gnoll barely misses you.
Your leather armour prevents you from hitting the gnoll.
The gnoll shouts!
You barely miss the gnoll. You punch the gnoll. The gnoll misses you.
You hit the gnoll but do no damage. The gnoll misses you.
You hit the gnoll but do no damage. The gnoll completely misses you.
You hit the gnoll but do no damage. You hit the gnoll but do no damage.
The gnoll closely misses you.
You hit the gnoll. The gnoll barely misses you.
You hit the gnoll.
You kill the gnoll!
You have reached level 4!
You hit the gnoll. The gnoll hits you with a +0 whip!
* * * LOW HITPOINT WARNING * * *
You closely miss the gnoll. The gnoll hits you with a +0 whip.
* * * LOW HITPOINT WARNING * * *
You hit the gnoll. The gnoll misses you.
You barely miss the gnoll. The gnoll closely misses you.
You barely miss the gnoll. The gnoll closely misses you.
Okay, then.
You closely miss the gnoll. The gnoll hits you with a +0 whip.
* * * LOW HITPOINT WARNING * * *
It was a potion of haste.
You feel yourself speed up. The gnoll barely misses you.
There is an open door here.
You close the door.
A gnoll opens the door.
A ball python comes into view.
The ball python hisses angrily.
You see here a runed hand axe.
You see here 19 stones.
The gnoll shouts!
There is a stone staircase leading up here.
The gnoll hits you from afar with a +0 spear.
You die...

....##†###
# #### #<#
#.# ###
#.###
#.#..
#.#.#
#.#.#
#g#.#
#.#.#
#@#.#
#...# ..
#...##..
#...##..
#.#(##.#
#.#..#.#
#.#..#.#
#[#..#.#
#.#....#


You could see a gnoll.

Vanquished Creatures
  3 gnolls (D:2)
  2 leopard geckos (D:1)
  5 bats
  3 giant cockroaches
  2 goblins (D:1)
  6 hobgoblins (D:1)
  2 jackals (D:2)
  2 kobolds (D:1)
  3 frilled lizards (D:1)
  4 rats (D:1)
32 creatures vanquished.

Notes
Turn   | Place    | Note
-------+----------+-------------------------------------------
     0 | D:1      | MalarOregon the Ghoul Gladiator began the quest for the
                  | Orb.
     0 | D:1      | Reached XP level 1. HP: 17/17 MP: 0/0
   189 | D:1      | Reached XP level 2. HP: 24/24 MP: 1/1
   647 | D:1      | Reached skill level 1 in Stealth
   647 | D:1      | Reached XP level 3. HP: 30/30 MP: 2/2
  1095 | D:2      | Noticed Natasha
  1185 | D:2      | Reached skill level 4 in Unarmed Combat
  1200 | D:2      | Reached XP level 4. HP: 22/37 MP: 3/3
  1242 | D:2      | Slain by a gnoll

Skill      XL: |  1  2  3 |
---------------+----------+-----
Throwing       | 2 |  2.0
Stealth        | 1 |  1.6
Dodging        | 3 |  3.0
Unarmed Combat | 4 |  4.2
Fighting       | |  2.9

Action                   |  1- 3 |  4- 6 || total
-------------------------+-------+-------++-------
Melee: Unarmed           |    98 |     6 ||   104
       Punch             |     2 |       ||     2
  Use: Potion            |       |     1 ||     1
 Stab: Sleeping          |     1 |       ||     1
  Eat: Chunk             |     2 |       ||     2
Armor: Leather armour    |    24 |       ||    24
Dodge: Dodged            |    62 |     4 ||    66
